cohdb
Replays
Latest Replays
All Replays
Popular Replays
Top Player Replays
Match Explorer
How It Works
Community
CoH3 Stats
Reddit
Sign in to upload your games and track your stats! →
Sign in with Steam
Match 26756128
Unlisted
Match 26756128
Overview
Messages
Build Orders
End
Construct Barracks
Selects Armored Battlegroup
Selects Veteran Crews
Riflemen Squad
1⁄4-ton 4x4 Truck
Riflemen Squad
Infantry Support Center
Selects Veteran Crews
Riflemen Squad
Construct Medical Station
M1918 Browning Automatic Rifles
Riflemen Squad
Selects Field Repairs
Selects Field Repairs
Construct Motor Pool
M8 Greyhound Armored Car
Munitions Surplus
Engineer Squad
Riflemen Squad
Selects War Machine
ConcernedApe
badiba
rudewoi
Only Furb
0
0
Comments
sign in to comment!
No comments posted yet!